 Dungeon Crawl Stone Soup version 0.28-a0-1080-g05a166d0ed (webtiles) character file.

Game seed: 2984328741222732878

79 mainiacjoe the Firebug (level 4, -3/24 HPs)
             Began as a Tengu Fire Elementalist on Dec 9, 2021.
             Slain by an orc priest (5 damage)
             ... on level 3 of the Dungeon.
             The game lasted 00:06:58 (2295 turns).

mainiacjoe the Firebug (Tengu Fire Elementalist)    Turns: 2295, Time: 00:06:59

Health: -3/24      AC:  3    Str:  8    XL:     4   Next: 37%
Magic:  2/8        EV: 11    Int: 18    God:
Gold:   73         SH:  0    Dex: 14    Spells: 5/8 levels left

rFire   + . .      SeeInvis .   v - +0 short sword (speed)
rCold   . . .      Faith    .   (no shield)
rNeg    . . .      Spirit   .   q - +0 leather armour
rPois   .          Reflect  .   (helmet restricted)
rElec   .          Harm     .   (no cloak)
rCorr   .          Rampage  .   (no gloves)
Will    +....                   (boots unavailable)
Stlth   ++........              (no amulet)
HPRegen 0.08/turn               j - ring of protection from fire
MPRegen 0.11/turn               c - ring of willpower {=R}

@: hasted, very quick
A: beak, talons 3
a: no special abilities


You were on level 3 of the Dungeon.
You visited 1 branch of the dungeon, and saw 3 of its levels.

You collected 73 gold pieces.

Inventory:

Hand Weapons
 a - a +0 quarterstaff
 b - a +0 hunting sling
 i - a +0 rapier
 n - a +0 spear
 v - a +0 short sword of speed (weapon)
Missiles
 f - 56 stones
 h - 46 bolts
Armour
 d - a +0 robe
 q - a +0 leather armour (worn)
 r - a +0 ring mail
Jewellery
 c - a ring of willpower (right hand) {=R}
 j - a ring of protection from fire (left hand)
Scrolls
 g - a scroll of enchant armour {unknown}
 k - a scroll of summoning {unknown}
 m - a scroll of fear {unknown}
 o - a scroll of teleportation {unknown}
 t - a scroll of magic mapping {unknown}
 u - a scroll of blinking {unknown}
Potions
 e - a potion of haste
 p - 2 potions of cancellation
 s - a potion of brilliance {unknown}
 w - a potion of lignification {unknown}


   Skills:
 - Level 0.3 Short Blades
 - Level 2.1 Dodging
 - Level 2.0 Stealth
 + Level 2.5 Spellcasting
 - Level 2.0 Conjurations
 - Level 5.0 Fire Magic


You had 5 spell levels left.
You knew the following spells:

 Your Spells              Type           Power      Damage    Failure   Level
a - Foxfire               Conj/Fire      56%        2x1d6     6%          1
b - Scorch                Fire           40%        2d7       4%          2

Your spell library contained the following spells:

 Spells                   Type           Power      Damage    Failure   Level
 Conjure Flame            Conj/Fire      14%        6-21      19%         3
 Inner Flame              Hex/Fire       11%        N/A       26%         3
 Flame Wave               Conj/Fire      14%        2d5       52%         4


Dungeon Overview and Level Annotations

Branches:
Dungeon (3/15)

Altars:

Shops:
D:1 (=


Innate Abilities, Weirdness & Mutations

You have a beak for a mouth.
You have claws for feet.


Message History

Unknown command.
Your foxfire dissipates!
The orc priest is no longer more vulnerable to fire.
The foxfire hits the orc wizard.
The orc wizard is moderately wounded.
Casting: Foxfire (safe; 6% risk of failure)
Confirm with . or Enter, or press ? or * to list all spells.
Flames lash the orc.
You kill the orc!
The orc priest invokes the aid of Beogh against you.
You resist with some effort. The orc wizard barely misses you.
Unknown command.
Casting: Scorch (safe; 4% risk of failure)
Confirm with . or Enter, or press ? or * to list all spells.
You don't have enough magic to cast this spell.
You feel better. The orc priest hits you with a +0 club.
* * * LOW HITPOINT WARNING * * *
The orc wizard misses you.
You feel yourself speed up. The orc priest hits you with a +0 club.
* * * LOW HITPOINT WARNING * * *
The orc wizard hits you but does no damage.
You barely miss the orc priest.
The orc priest is moderately wounded.
The orc priest hits you with a +0 club.
* * * LOW HITPOINT WARNING * * *
The orc wizard closely misses you.
You hit the orc priest but do no damage.
The orc priest is moderately wounded.
You hit the orc priest but do no damage.
The orc priest is moderately wounded.
The orc priest barely misses you.
You hit the orc priest but do no damage.
You claw the orc priest, but do no damage.
The orc priest is moderately wounded.
The orc wizard closely misses you.
You hit the orc priest but do no damage.
Your peck misses the orc priest.
The orc priest is moderately wounded.
The orc priest hits you with a +0 club.
You die...

####.#.##...####.#
#.............#
###.##...######
#.##...#
##.##...######
.............#
#.##########.# #.
#.# #. #####@#
#...oo# #...bo#
#.....).
#.........
#...........
#...........
#...........
#.....#.####


You could see an orc priest, an orc wizard, an orc and a bat.

Vanquished Creatures
  2 adders
  A worm (D:2)
  2 dart slugs
  An orc (D:3)
  4 ball pythons
  6 bats
  2 endoplasms (D:2)
  3 giant cockroaches
  7 hobgoblins
  3 quokkas (D:1)
  3 frilled lizards
  5 goblins
  7 kobolds
  3 rats (D:1)
49 creatures vanquished.

Vanquished Creatures (others)
  109 foxfires
109 creatures vanquished.

Grand Total: 158 creatures vanquished

Notes
Turn   | Place    | Note
-------+----------+-------------------------------------------
     0 | D:1      | mainiacjoe the Tengu Fire Elementalist began the quest for
                  | the Orb.
     0 | D:1      | Reached XP level 1. HP: 10/10 MP: 4/4
   339 | D:1      | Reached XP level 2. HP: 15/15 MP: 3/6
   348 | D:1      | Learned a level 2 spell: Scorch
   477 | D:1      | Reached skill level 4 in Fire Magic
   564 | D:1      | Found Xiemmu Hiedd's Antique Weapon Shop.
   894 | D:1      | Reached XP level 3. HP: 19/19 MP: 5/7
   919 | D:1      | Found Voosuyta's Jewellery Shop.
  1526 | D:2      | Reached skill level 5 in Fire Magic
  1540 | D:2      | Reached XP level 4. HP: 24/24 MP: 5/8
  2291 | D:3      | HP: 1/24 [orc priest (2)]
  2295 | D:3      | Slain by an orc priest

Illustrated notes

Levels and vault maps discovered:
D:1:      lightli_arrival_statuegarden, layout_basic, serial_shops,
          nicolae_square_shop, shop_statue
D:2:      layout_rooms, chequers_serial_rivers_micro_b, dk_noncrumbling_4,
          minmay_randomly_rotated_circles
D:3:      layout_basic, mainiacjoe_overflow_catwalk_spiral,
          hellmonk_ecumenical_altar_zigzags

Skill      XL: |  1  2  3 |
---------------+----------+-----
Conjurations   | 2 |  2.0
Fire Magic     | 4 5 |  5.0
Short Blades   | |  0.3
Dodging        | |  2.1
Stealth        | |  2.0
Spellcasting   | |  2.5

Action                   |  1- 3 |  4- 6 || total
-------------------------+-------+-------++-------
Melee: Whip              |     2 |       ||     2
       Kick              |     2 |     1 ||     3
       Peck              |     2 |     1 ||     3
       Short sword       |     5 |     6 ||    11
       Rapier            |     1 |       ||     1
 Fire: Hunting sling     |     3 |       ||     3
 Cast: Foxfire           |    51 |    12 ||    63
       Scorch            |     5 |     6 ||    11
  Use: Scroll            |       |     3 ||     3
       Potion            |       |     2 ||     2
 Stab: Sleeping          |     1 |       ||     1
Armor: Robe              |     6 |       ||     6
       Leather armour    |       |     1 ||     1
Dodge: Dodged            |    12 |     8 ||    20

Table legend: (Time is in decaauts)
 A = Elapsed time spent in this place.
 B = Non-inter-level travel time spent in this place.
 C = Inter-level travel time spent in this place.
 D = Time resting spent in this place.
 E = Time spent auto-exploring this place.
 F = Levels seen in this place.
 G = Mean time per level.
                   A        B        C        D        E       F      G
               +--------+--------+--------+--------+--------+-----+--------+
         Total |   2286 |   2196 |     90 |      2 |   1814 |   3 |  762.0 |
       Dungeon |   2286 |   2196 |     90 |      2 |   1814 |   3 |  762.0 |
               +--------+--------+--------+--------+--------+-----+--------+

Top non-repeatable levels by time:
     D:1: 1116 daAuts
     D:2: 991 daAuts
     D:3: 178 daAuts
